 Dungeon Crawl Stone Soup version 0.21.1-1-g345015f (webtiles) character file.

109 Melicamp the Sneak (level 4, -7/31 HPs)
             Began as an Octopode Wanderer on Apr 2, 2018.
             Mangled by shugdite's ghost (10 damage)
             ... on level 3 of the Dungeon.
             The game lasted 00:15:04 (3276 turns).

Melicamp the Sneak (Octopode Wanderer)              Turns: 3276, Time: 00:15:05

Health: -7/31      AC:  3    Str: 12    XL:     4   Next: 90%
Magic:  7/7        EV: 12    Int: 13    God:
Gold:   39         SH:  0    Dex: 12    Spells: 4/7 levels left

rFire    . . .     SeeInvis .   e - +0 spear
rCold    + . .     Gourm    .   (no shield)
rNeg     . . .     Faith    .   (helmet restricted)
rPois    .         Spirit   .   (no amulet)
rElec    .         Reflect  .   o - ring of protection from cold
rCorr    .         Harm     .   (no ring)
MR       +....                  (no ring)
Stlth    +++.......             (no ring)
HPRegen  0.10/turn              (no ring)
MPRegen  0.10/turn              (no ring)
                                (no ring)
                                (no ring)

@: no status effects
A: almost no armour, stealthy swim, amphibious, 8 rings, constrict 8, molten
scales 1, camouflage 1, magic resistance 1, gelatinous body 1
a: no special abilities


You were on level 3 of the Dungeon.
You were hungry.

You visited 1 branch of the dungeon, and saw 3 of its levels.

You collected 39 gold pieces.

Inventory:

Hand Weapons
 e - a +0 spear (weapon)
Missiles
 h - 94 stones (quivered)
 m - 42 arrows
Jewellery
 o - a ring of protection from cold (left tentacle)
Scrolls
 f - a scroll of identify
 k - a scroll of enchant armour
Potions
 c - a potion of haste
 i - a potion of agility
 j - a potion of berserk rage {unknown}
 n - a potion of magic
Books
 a - a book of Minor Magic

   Spells                             Type                      Level
   a - Magic Dart                     Conjuration                  1
   b - Blink                          Translocation                2
   c - Call Imp                       Summoning                    2
   d - Slow                           Hexes                        2
   e - Conjure Flame                  Conjuration/Fire             3
   f - Mephitic Cloud                 Conjuration/Poison/Air       3
 b - the Incunabulum of Transformation

   Spells                             Type                      Level
   a - Beastly Appendage              Transmutation                1
   b - Ignite Poison                  Fire/Transmutation/Poison    3
Comestibles
 d - 7 rations


   Skills:
 * Level 3.5 Fighting
   Level 1.0 Axes
 + Level 3.8 Stealth
   Level 1.0 Shields
 + Level 2.0 Spellcasting
 - Level 2.0 Transmutations
   Level 2.0 Air Magic


You had 4 spell levels left.
You knew the following spells:

 Your Spells              Type           Power        Failure   Level  Hunger
a - Beastly Appendage     Tmut           #.....       11%         1    ##.....
b - Blink                 Tloc           N/A          36%         2    ###....


Dungeon Overview and Level Annotations

Branches:
Dungeon (3/15)

Altars:

Annotations:
D:3 shugdite's ghost, amateur KoGl


Innate Abilities, Weirdness & Mutations

You cannot wear most types of armour.
You are very stealthy in the water. (Stealth+)
You are amphibious.
You can wear up to eight rings at the same time.
You can use your tentacles to constrict eight enemies at once.
Your skin changes colour to match your surroundings (Stealth+).
Your rubbery body absorbs attacks. (AC +1, EV +1)
You are partially covered in molten scales. (AC +2)
You are resistant to hostile enchantments. (MR+)


Message History

Shugdite's ghost is lightly damaged.
Shugdite's ghost completely misses you. Shugdite's ghost barely misses you.
You barely miss shugdite's ghost.
Shugdite's ghost is lightly damaged.
Shugdite's ghost barely misses you.
You closely miss shugdite's ghost.
Shugdite's ghost is lightly damaged.
Shugdite's ghost hits you!
You miss shugdite's ghost.
Shugdite's ghost is lightly damaged.
Shugdite's ghost barely misses you.
You miss shugdite's ghost.
Shugdite's ghost is lightly damaged.
Shugdite's ghost hits you!
* * * LOW HITPOINT WARNING * * *
You hit shugdite's ghost but do no damage.
Your squeeze misses shugdite's ghost.
Shugdite's ghost is lightly damaged.
Shugdite's ghost hits you!
You die...

###. #........# ..$.....
....... ..... .... #####
..# # ....# #.#.##.#
...># #W#....# ....#
#@.#####.
....############........
....'...)...............
....######.######..##.##
....# #.# ....... ....#
#.# ..##.## ....# #.#
..# # ....# #.# #..
....# #.. .....#


You could see shugdite's ghost.

Vanquished Creatures
  4 adders
  An ooze (D:2)
  2 worms
  A leopard gecko (D:1)
  2 giant cockroaches (D:2)
  12 goblins
  9 hobgoblins
  A jackal (D:3)
  9 kobolds (D:1)
  2 quokkas
  A ball python (D:3)
  8 bats
  4 frilled lizards
  6 rats
62 creatures vanquished.

Notes
Turn   | Place    | Note
-------+----------+-------------------------------------------
     0 | D:1      | Melicamp the Octopode Wanderer began the quest for the Orb.
     0 | D:1      | Melicamp set off with: a book of Minor Magic, the Incunabulum of Transformation, a +0 club, a ration
     0 | D:1      | Reached XP level 1. HP: 14/14 MP: 2/2
     0 | D:1      | Identified the Incunabulum of Transformation
     2 | D:1      | Learned a level 1 spell: Beastly Appendage
   310 | D:1      | Reached XP level 2. HP: 19/19 MP: 3/3
   836 | D:1      | Reached XP level 3. HP: 24/25 MP: 5/5
  1537 | D:2      | Learned a level 2 spell: Blink
  1606 | D:2      | Gained mutation: You are resistant to hostile enchantments. (MR+) [potion of mutation]
  1606 | D:2      | Gained mutation: You are partially covered in molten scales. (AC +2) [potion of mutation]
  1851 | D:2      | Reached XP level 4. HP: 28/31 MP: 6/6
  2301 | D:3      | Noticed shugdite's ghost (amateur KoGl)
  3276 | D:3      | Mangled by shugdite's ghost

Skill      XL: |  1  2  3  4 |
---------------+-------------+-----
Stealth        | 2 3 |  3.8
Fighting       | 3 |  3.5
Spellcasting   | 2 |  2.0
Axes           | |  1.0
Shields        | |  1.0
Transmutations | |  2.0
Air Magic      | |  2.0

Action                   |  1- 3 |  4- 6 || total
-------------------------+-------+-------++-------
Melee: Club              |    28 |       ||    28
       Constrict         |    18 |    12 ||    30
       Tentacles         |    12 |    11 ||    23
       Spear             |    65 |    75 ||   140
       Kick              |       |     1 ||     1
Throw: Stone             |     7 |     8 ||    15
 Cast: Beastly Appendage |       |     2 ||     2
  Use: Potion            |     3 |       ||     3
       Scroll            |       |     9 ||     9
 Stab: Sleeping          |    16 |     9 ||    25
  Eat: Chunk             |     3 |     4 ||     7
Armor: Skin              |     6 |     9 ||    15
Dodge: Dodged            |    35 |    30 ||    65
